Sewer Rats vs Tamiflu
Created - 19 février 2013 at 19:06
Goals
|
| Sewer Rats |
1 |
0 |
4 |
5 |
| Tamiflu |
0 |
1 |
0 |
1 |
|
Shots
|
| Sewer Rats |
6 |
8 |
18 |
32 |
| Tamiflu |
14 |
6 |
15 |
35 |
|
1st period
1. Sewer Rats , Pat Rissmiller 16 (Derick Brassard, John-Michael Liles) at 0:58
Penalties :
Mike Funk (Tol) for Hooking (Minor) at 7:12, Pat Rissmiller (Tol) for Hooking (Minor) at 10:48, Mike Brown (Det) for High sticking (Minor) at 19:30, Max Pacioretty (Tol) for Boarding (Minor) at 19:34
2nd period
2. Tamiflu , Pavel Trnka 7 (Nate Thompson) at 2:27
Penalties :
Jan Mursak (Det) for Tripping (Minor) at 2:55, Greg Mauldin (Det) for Tripping (Minor) at 10:05, Ville Leino (Tol) for Holding (Minor) at 16:34
3rd period
3. Sewer Rats , Pat Rissmiller 17 (Derick Brassard, Matt Lashoff) at 0:33
4. Sewer Rats , Pat Rissmiller 18 (Derick Brassard, Mike Rathje) at 2:14 (PP)
5. Sewer Rats , Max Pacioretty 9 (Bryan Little, John-Michael Liles) at 9:08
6. Sewer Rats , Eric Fehr 28 (Bryan Little, Matt Lashoff) at 19:38
Penalties :
Jan Mursak (Det) for Hooking (Minor) at 1:42, Freddy Meyer (Det) for Tripping (Minor) at 1:49, Bryan Little (Tol) for High sticking (Minor) at 1:49
Goalie Stats
Jhonas Enroth (Tol), 34 saves from 35 shots - (0,971), W, 4-4-1, 60:00 minutes
Corey Crawford (Det), 27 saves from 32 shots - (0,844), L, 12-9-2, 60:00 minutes
Players Stats for Sewer Rats
Player Name G A P +/- PIM S H SB GA TA FO MP PP MP PK MP
------------------------------------------------------------------------------------
Brandon Sutter 0 0 0 0 0 0 0 0 1 0 9/11 12:22 0:14 3:00
Bryan Little 0 2 2 2 2 5 1 0 1 1 9/25 20:25 2:09 1:50
Derick Brassard 0 3 3 1 0 1 0 0 0 0 9/16 16:16 1:45 0:02
Eric Fehr 1 0 1 2 0 5 3 0 2 0 1/1 18:12 2:10 0:00
John-Michael Liles 0 2 2 0 0 2 4 2 1 0 0/0 17:39 1:24 2:30
Jonathan Paiement 0 0 0 0 0 0 0 0 0 0 0/0 8:44 0:00 2:30
Karel Rachunek 0 0 0 2 0 1 0 1 0 0 0/0 26:25 2:45 3:31
Kyle Okposo 0 0 0 1 0 0 1 0 1 1 0/0 14:26 1:45 0:00
Kyle Quincey 0 0 0 0 0 0 0 2 0 0 0/0 14:05 1:24 0:00
Lars Eller 0 0 0 0 0 0 0 0 0 0 2/4 8:19 0:00 0:00
Mark Mancari 0 0 0 0 0 2 2 0 0 0 0/0 11:16 0:14 1:12
Matt Lashoff 0 2 2 2 0 2 0 2 0 1 0/0 20:38 0:00 3:27
Max Pacioretty 1 0 1 2 2 2 3 1 0 0 0/1 18:51 2:09 0:22
Mike Funk 0 0 0 0 2 0 0 0 0 1 0/0 6:44 0:00 0:00
Mike Rathje 0 1 1 1 0 3 1 1 0 2 0/0 16:33 2:45 0:04
Niko Dimitrakos 0 0 0 0 0 1 0 0 0 0 0/0 13:02 0:00 3:08
Pat Rissmiller 3 0 3 1 2 4 3 2 1 0 1/1 16:54 1:45 0:38
Steven Kampfer 0 0 0 1 0 2 0 0 0 0 0/0 9:42 0:00 0:00
Ville Leino 0 0 0 0 2 2 0 0 0 0 0/0 9:13 0:14 0:00
Vojtech Polak 0 0 0 0 0 0 3 0 0 0 0/0 10:14 0:00 1:50
Players Stats for Tamiflu
Player Name G A P +/- PIM S H SB GA TA FO MP PP MP PK MP
------------------------------------------------------------------------------------
Alex Picard 0 0 0 1 0 1 6 0 0 1 1/2 22:05 3:22 2:09
Carson Mcmillan 0 0 0 0 0 1 0 0 0 0 0/0 7:59 0:00 1:06
Freddy Meyer 0 0 0 -2 2 0 1 3 1 0 0/0 19:31 2:57 2:33
Greg Mauldin 0 0 0 -2 2 6 1 2 0 1 3/4 13:27 0:01 0:12
Jan Mursak 0 0 0 -2 4 2 3 0 0 0 0/0 12:18 0:00 0:00
Jani Rita 0 0 0 -2 0 3 0 0 0 0 0/1 15:33 2:38 0:32
Jonathan Sigalet 0 0 0 0 0 1 2 1 0 0 0/0 26:51 2:59 1:35
Jordan Hendry 0 0 0 -2 0 1 1 0 0 1 0/0 19:39 2:57 1:35
Kyle Lawson 0 0 0 -1 0 0 1 1 0 0 0/0 12:02 0:00 0:00
Mike Brown 0 0 0 1 2 5 0 1 0 0 0/1 17:39 3:23 0:00
Nate Thompson 0 1 1 1 0 4 1 0 0 0 18/32 21:22 3:22 1:07
Nathan Oystrick 0 0 0 -1 0 2 0 2 1 2 0/0 13:40 0:05 0:25
Pavel Trnka 1 0 1 0 0 2 0 4 3 1 0/0 28:19 3:04 2:59
Petr Pohl 0 0 0 -2 0 1 0 0 0 0 0/1 15:25 2:38 0:00
Pierre Dagenais 0 0 0 -2 0 3 1 1 1 0 0/0 13:21 0:00 1:05
Radek Bonk 0 0 0 -2 0 3 2 2 0 1 5/14 17:57 2:38 2:32
Rich Clune 0 0 0 0 0 0 0 0 0 0 0/0 6:53 0:00 0:00
Tyler Haskins 0 0 0 0 0 0 0 0 0 0 1/4 7:26 0:01 0:00
3 Stars
1 - Pat Rissmiller (Tol)
2 - Jhonas Enroth (Tol)
3 - Eric Fehr (Tol)
Power Play
Sewer Rats - 1 on 4 Attempt(s) - 25,00%
Tamiflu - 0 on 4 Attempt(s) - 0,00%
Penalty Kill
Sewer Rats - 4 on 4 Attempt(s) - 100,00%
- Score 0 goal in Penalty Kill
Tamiflu - 3 on 4 Attempt(s) - 75,00%
- Score 0 goal in Penalty Kill
Official
Referees : O'Halloran Dan and Leggo Mike
Linesman : Brian Mach and Lyle Seitz
Game Notes
Pat Rissmiller has scored a Hat Trick!
Sewer Rats
5 vs 5 Forward
Center Left Wing Right Wing Time % Phy DF OF
1 Bryan Little Max Pacioretty Eric Fehr 40 1 2 2
2 Derick Brassard Pat Rissmiller Kyle Okposo 30 1 2 2
3 Brandon Sutter Ville Leino Mark Mancari 15 1 2 2
4 Lars Eller Vojtech Polak Niko Dimitrakos 15 1 2 2
5 vs 5 Defense
Defense Defense Time % Phy DF OF
1 Matt Lashoff Karel Rachunek 35 1 2 2
2 Kyle Quincey John-Michael Liles 30 1 2 2
3 Steven Kampfer Mike Rathje 25 1 2 2
4 Jonathan Paiement Mike Funk 10 1 2 2
PowerPlay Forward
Center Left Wing Right Wing Time % Phy DF OF
1 Bryan Little Max Pacioretty Eric Fehr 60 1 2 2
2 Derick Brassard Pat Rissmiller Kyle Okposo 40 1 2 2
PowerPlay Defense
Defense Defense Time % Phy DF OF
1 Mike Rathje Karel Rachunek 60 1 2 2
2 John-Michael Liles Kyle Quincey 40 1 2 2
Penalty Kill 4 Players Forward
Center Wing Time % Phy DF OF
1 Brandon Sutter Niko Dimitrakos 60 1 2 2
2 Bryan Little Vojtech Polak 40 1 2 2
Penalty Kill 4 Players Defense
Defense Defense Time % Phy DF OF
1 Matt Lashoff Karel Rachunek 60 1 2 2
2 John-Michael Liles Jonathan Paiement 40 1 2 2
Penalty Kill - 3 Players Forward
Forward Time % Phy DF OF
1 Bryan Little 60 1 2 2
2 Eric Fehr 40 1 2 2
Penalty Kill - 3 Players Defense
Defense Defense Time % Phy DF OF
1 Matt Lashoff Karel Rachunek 60 1 2 2
2 John-Michael Liles Jonathan Paiement 40 1 2 2
4 vs 4 Forward
Center Wing Time % Phy DF OF
1 Derick Brassard Pat Rissmiller 60 1 2 2
2 Bryan Little Niko Dimitrakos 40 1 2 2
4 vs 4 Defense
Defense Defense Time % Phy DF OF
1 Mike Rathje Karel Rachunek 60 1 2 2
2 John-Michael Liles Matt Lashoff 40 1 2 2
Last Minutes Offensive
Center Left Wing Right Wing Defense Defense
Derick Brassard Max Pacioretty Kyle Okposo John-Michael Liles Karel Rachunek
Last Minutes Defensive
Center Left Wing Right Wing Defense Defense
Bryan Little Ville Leino Eric Fehr John-Michael Liles Karel Rachunek
Goaltenders
Starting : Jhonas Enroth
Backup : Jonas Gustavsson
Extra Forwards
Normal : Kyle Okposo, Max Pacioretty, Mark Mancari - PP : Kyle Okposo, Max Pacioretty - PK : Mark Mancari
Extra Defensemen
Normal : Kyle Quincey, Mike Rathje, Jonathan Paiement - PP : Kyle Quincey - PK : Mike Rathje, Jonathan Paiement
Penalty Shots
Kyle Okposo, Eric Fehr, Derick Brassard, Niko Dimitrakos, Max Pacioretty
Tamiflu
5 vs 5 Forward
Center Left Wing Right Wing Time % Phy DF OF
1 Nate Thompson Alex Picard Mike Brown 40 0 1 4
2 Radek Bonk Jani Rita Petr Pohl 30 0 1 4
3 Greg Mauldin Jan Mursak Pierre Dagenais 20 0 2 3
4 Tyler Haskins Rich Clune Carson Mcmillan 10 0 3 2
5 vs 5 Defense
Defense Defense Time % Phy DF OF
1 Jonathan Sigalet Pavel Trnka 40 0 2 3
2 Freddy Meyer Jordan Hendry 30 0 2 3
3 Nathan Oystrick Kyle Lawson 20 0 3 2
4 Jonathan Sigalet Pavel Trnka 10 0 2 3
PowerPlay Forward
Center Left Wing Right Wing Time % Phy DF OF
1 Nate Thompson Alex Picard Mike Brown 60 0 1 4
2 Radek Bonk Jani Rita Petr Pohl 40 0 1 4
PowerPlay Defense
Defense Defense Time % Phy DF OF
1 Jonathan Sigalet Pavel Trnka 60 0 2 3
2 Freddy Meyer Jordan Hendry 40 0 2 3
Penalty Kill 4 Players Forward
Center Wing Time % Phy DF OF
1 Radek Bonk Alex Picard 60 0 4 1
2 Nate Thompson Carson Mcmillan 40 0 4 1
Penalty Kill 4 Players Defense
Defense Defense Time % Phy DF OF
1 Freddy Meyer Pavel Trnka 60 0 4 1
2 Jonathan Sigalet Jordan Hendry 40 0 4 1
Penalty Kill - 3 Players Forward
Forward Time % Phy DF OF
1 Radek Bonk 60 0 4 1
2 Nate Thompson 40 0 4 1
Penalty Kill - 3 Players Defense
Defense Defense Time % Phy DF OF
1 Freddy Meyer Pavel Trnka 60 0 4 1
2 Jonathan Sigalet Jordan Hendry 40 0 4 1
4 vs 4 Forward
Center Wing Time % Phy DF OF
1 Nate Thompson Alex Picard 60 0 2 3
2 Radek Bonk Petr Pohl 40 0 2 3
4 vs 4 Defense
Defense Defense Time % Phy DF OF
1 Jonathan Sigalet Pavel Trnka 60 0 2 3
2 Freddy Meyer Jordan Hendry 40 0 2 3
Last Minutes Offensive
Center Left Wing Right Wing Defense Defense
Nate Thompson Alex Picard Mike Brown Jonathan Sigalet Pavel Trnka
Last Minutes Defensive
Center Left Wing Right Wing Defense Defense
Radek Bonk Alex Picard Carson Mcmillan Freddy Meyer Pavel Trnka
Goaltenders
Starting : Corey Crawford
Backup : Jussi Markkanen
Extra Forwards
Normal : Greg Mauldin, Tyler Haskins, Pierre Dagenais - PP : Pierre Dagenais, Greg Mauldin - PK : Pierre Dagenais
Extra Defensemen
Normal : Jordan Hendry, Nathan Oystrick, Pavel Trnka - PP : Nathan Oystrick - PK : Nathan Oystrick, Jordan Hendry
Penalty Shots
Radek Bonk, Pierre Dagenais, Alex Picard, Jani Rita, Greg Mauldin
% Time on Ice - Sewer Rats
Lines # - Real PCT - Wanted PCT - Time Play
Normal Forward
1 - 37% - 40% - 17:13
2 - 26% - 30% - 11:51
3 - 19% - 15% - 8:33
4 - 18% - 15% - 8:19
Normal Defense
1 - 38% - 35% - 17:19
2 - 28% - 30% - 12:41
3 - 21% - 25% - 9:42
4 - 14% - 10% - 6:14
PP Forward
1 - 58% - 60% - 2:24
2 - 42% - 40% - 1:45
PP Defense
1 - 66% - 60% - 2:45
2 - 34% - 40% - 1:24
PK Forward
1 - 70% - 60% - 4:11
2 - 30% - 40% - 1:50
PK Defense
1 - 58% - 60% - 3:31
2 - 42% - 40% - 2:30
PK3 Forward
1 - 0% - 60%
2 - 0% - 40%
PK3 Defense
1 - 0% - 60%
2 - 0% - 40%
44 Forward
1 - 78% - 60% - 3:03
2 - 22% - 40% - 0:51
44 Defense
1 - 73% - 60% - 2:50
2 - 27% - 40% - 1:04
Last Minute Offensive - 0:00
Last Minute Defensive - 0:00
Total
Forward - 60:00
Defense - 60:00
|
% Time on Ice - Tamiflu
Lines # - Real PCT - Wanted PCT - Time Play
Normal Forward
1 - 32% - 40% - 14:47
2 - 26% - 30% - 12:00
3 - 27% - 20% - 12:16
4 - 15% - 10% - 6:53
Normal Defense
1 - 40% - 40% - 18:32
2 - 29% - 30% - 13:23
3 - 26% - 20% - 12:02
4 - 4% - 10% - 1:59
PP Forward
1 - 56% - 60% - 3:23
2 - 44% - 40% - 2:38
PP Defense
1 - 51% - 60% - 3:04
2 - 49% - 40% - 2:57
PK Forward
1 - 73% - 60% - 3:03
2 - 27% - 40% - 1:06
PK Defense
1 - 62% - 60% - 2:34
2 - 38% - 40% - 1:35
PK3 Forward
1 - 100% - 60% - 0:25
2 - 0% - 40% - 0:00
PK3 Defense
1 - 100% - 60% - 0:25
2 - 0% - 40% - 0:00
44 Forward
1 - 78% - 60% - 2:42
2 - 22% - 40% - 0:47
44 Defense
1 - 71% - 60% - 2:29
2 - 29% - 40% - 1:00
Last Minute Offensive - 0:00
Last Minute Defensive - 0:00
Total
Forward - 60:00
Defense - 60:00
|
Play by Play
1st period
0:01 of 1st period - Nate Thompson wins face-off versus Bryan Little in neutral zone.
0:06 of 1st period - Eric Fehr is hit by Alex Picard and loses puck.
0:34 of 1st period - Wrist shot by Eric Fehr.
0:34 of 1st period - Deflect By Max Pacioretty.
0:34 of 1st period - Stopped by Corey Crawford with a rebound.
0:49 of 1st period - Freddy Meyer is hit by Pat Rissmiller and loses puck.
0:58 of 1st period - Snap shot by Pat Rissmiller.
0:58 of 1st period - Goal by Pat Rissmiller - Sewer Rats : 1 - Tamiflu : 0.
0:59 of 1st period - Brandon Sutter wins face-off versus Tyler Haskins in neutral zone.
1:10 of 1st period - Snap shot by Ville Leino.
1:10 of 1st period - Shot Misses the Net.
1:12 of 1st period - Snap shot by Steven Kampfer.
1:12 of 1st period - Stopped by Corey Crawford without a rebound.
1:13 of 1st period - Nate Thompson wins face-off versus Lars Eller in Tamiflu zone.
1:28 of 1st period - Slapshot by Mike Brown.
1:28 of 1st period - Shot Misses the Net.
1:48 of 1st period - Snap shot by Derick Brassard.
1:48 of 1st period - Shot Misses the Net.
3:11 of 1st period - Wrist shot by Jani Rita.
3:11 of 1st period - Deflect By Radek Bonk.
3:11 of 1st period - Stopped by Jhonas Enroth with a rebound.
3:25 of 1st period - Wrist shot by Eric Fehr.
3:25 of 1st period - Shot Misses the Net.
3:49 of 1st period - Snap shot by Mike Brown.
3:49 of 1st period - Stopped by Jhonas Enroth without a rebound.
3:50 of 1st period - Nate Thompson wins face-off versus Brandon Sutter in Sewer Rats zone.
3:51 of 1st period - Snap shot by Mike Brown.
3:51 of 1st period - Shot Misses the Net.
4:26 of 1st period - Snap shot by Radek Bonk.
4:26 of 1st period - Stopped by Jhonas Enroth with a rebound.
4:36 of 1st period - Snap shot by Tyler Haskins.
4:36 of 1st period - Shot Hit the Post.
4:38 of 1st period - Slapshot by Nathan Oystrick.
4:38 of 1st period - Shot Blocked by Karel Rachunek.
4:40 of 1st period - Snap shot by Nathan Oystrick.
4:40 of 1st period - Stopped by Jhonas Enroth without a rebound.
4:41 of 1st period - Bryan Little wins face-off versus Nate Thompson in Sewer Rats zone.
5:03 of 1st period - Icing by Eric Fehr.
5:04 of 1st period - Radek Bonk wins face-off versus Bryan Little in Sewer Rats zone.
5:11 of 1st period - Snap shot by Jani Rita.
5:11 of 1st period - Stopped by Jhonas Enroth with a rebound.
5:58 of 1st period - Snap shot by Mark Mancari.
5:58 of 1st period - Stopped by Corey Crawford with a rebound.
6:00 of 1st period - Slapshot by Karel Rachunek.
6:00 of 1st period - Shot Misses the Net.
6:02 of 1st period - Slapshot by Karel Rachunek.
6:02 of 1st period - Shot Blocked by Pavel Trnka.
6:06 of 1st period - Wrist shot by Mark Mancari.
6:06 of 1st period - Shot Blocked by Pavel Trnka.
6:23 of 1st period - Slapshot by Niko Dimitrakos.
6:23 of 1st period - Stopped by Corey Crawford without a rebound.
6:24 of 1st period - Derick Brassard wins face-off versus Radek Bonk in Tamiflu zone.
6:35 of 1st period - Wrist shot by Derick Brassard.
6:35 of 1st period - Shot Misses the Net.
6:37 of 1st period - Slapshot by Steven Kampfer.
6:37 of 1st period - Shot Blocked by Freddy Meyer.
6:39 of 1st period - Slapshot by Mike Rathje.
6:39 of 1st period - Shot Blocked by Radek Bonk.
6:54 of 1st period - Wrist shot by Bryan Little.
6:54 of 1st period - Stopped by Corey Crawford with a rebound.
6:56 of 1st period - Slapshot by John-Michael Liles.
6:56 of 1st period - Shot Hit the Post.
7:08 of 1st period - Freddy Meyer is hit by John-Michael Liles and loses puck.
7:12 of 1st period - Minor Penalty to Mike Funk for Hooking.
7:13 of 1st period - Brandon Sutter wins face-off versus Nate Thompson in Sewer Rats zone.
7:22 of 1st period - Wrist shot by Mike Brown.
7:22 of 1st period - Shot Misses the Net.
7:48 of 1st period - Wrist shot by Radek Bonk.
7:48 of 1st period - Shot Misses the Net.
8:06 of 1st period - Karel Rachunek is hit by Radek Bonk and loses puck.
8:20 of 1st period - Icing by Pavel Trnka.
8:21 of 1st period - Brandon Sutter wins face-off versus Radek Bonk in Tamiflu zone.
9:12 of 1st period - Penalty to Mike Funk is over, Mike Funk is back on ice.
9:28 of 1st period - Snap shot by Greg Mauldin.
9:28 of 1st period - Shot Misses the Net.
9:30 of 1st period - Slapshot by Nathan Oystrick.
9:30 of 1st period - Stopped by Jhonas Enroth with a rebound.
10:23 of 1st period - Slapshot by Tyler Haskins.
10:23 of 1st period - Deflect By Rich Clune.
10:23 of 1st period - Shot Misses the Net.
10:23 of 1st period - Puck is out of play.
10:24 of 1st period - Nate Thompson wins face-off versus Bryan Little in Sewer Rats zone.
10:37 of 1st period - Slapshot by Alex Picard.
10:37 of 1st period - Shot Blocked by John-Michael Liles.
10:39 of 1st period - Slapshot by Pavel Trnka.
10:39 of 1st period - Stopped by Jhonas Enroth without a rebound.
10:40 of 1st period - Radek Bonk wins face-off versus Derick Brassard in Sewer Rats zone.
10:48 of 1st period - Minor Penalty to Pat Rissmiller for Hooking.
10:49 of 1st period - Brandon Sutter wins face-off versus Nate Thompson in Sewer Rats zone.
11:02 of 1st period - Snap shot by Brandon Sutter.
11:02 of 1st period - Shot Misses the Net.
11:25 of 1st period - Snap shot by Bryan Little.
11:25 of 1st period - Shot Misses the Net.
11:39 of 1st period - Matt Lashoff is hit by Jordan Hendry and loses puck.
12:40 of 1st period - Nate Thompson is hit by Mark Mancari and loses puck.
12:47 of 1st period - Mark Mancari is hit by Alex Picard and loses puck.
12:48 of 1st period - Penalty to Pat Rissmiller is over, Pat Rissmiller is back on ice.
13:19 of 1st period - Off-side.
13:20 of 1st period - Bryan Little wins face-off versus Tyler Haskins in neutral zone.
13:54 of 1st period - Jordan Hendry is hit by Vojtech Polak and loses puck.
14:14 of 1st period - Kyle Okposo is hit by Greg Mauldin and loses puck.
14:57 of 1st period - Slapshot by Nate Thompson.
14:57 of 1st period - Stopped by Jhonas Enroth with a rebound.
15:36 of 1st period - Slapshot by Greg Mauldin.
15:36 of 1st period - Stopped by Jhonas Enroth with a rebound.
15:38 of 1st period - Snap shot by Greg Mauldin.
15:38 of 1st period - Shot Misses the Net.
15:40 of 1st period - Slapshot by Jonathan Sigalet.
15:40 of 1st period - Shot Blocked by Pat Rissmiller.
15:42 of 1st period - Slapshot by Pavel Trnka.
15:42 of 1st period - Shot Blocked by Kyle Quincey.
15:52 of 1st period - Slapshot by Mike Brown.
15:52 of 1st period - Stopped by Jhonas Enroth with a rebound.
15:54 of 1st period - Snap shot by Nate Thompson.
15:54 of 1st period - Stopped by Jhonas Enroth without a rebound.
15:55 of 1st period - Brandon Sutter wins face-off versus Nate Thompson in Sewer Rats zone.
16:22 of 1st period - Wrist shot by Mike Brown.
16:22 of 1st period - Stopped by Jhonas Enroth without a rebound.
16:23 of 1st period - Bryan Little wins face-off versus Radek Bonk in Sewer Rats zone.
17:17 of 1st period - Matt Lashoff is hit by Alex Picard and loses puck.
17:24 of 1st period - Slapshot by Karel Rachunek.
17:24 of 1st period - Shot Misses the Net.
17:39 of 1st period - Backhand shot by Alex Picard.
17:39 of 1st period - Stopped by Jhonas Enroth without a rebound.
17:40 of 1st period - Brandon Sutter wins face-off versus Radek Bonk in Sewer Rats zone.
18:01 of 1st period - Snap shot by Brandon Sutter.
18:01 of 1st period - Shot Misses the Net.
18:25 of 1st period - Nathan Oystrick is hit by Eric Fehr.
18:52 of 1st period - Off-side.
18:53 of 1st period - Nate Thompson wins face-off versus Bryan Little in neutral zone.
18:56 of 1st period - Snap shot by Nate Thompson.
18:56 of 1st period - Stopped by Jhonas Enroth with a rebound.
18:59 of 1st period - Icing by Matt Lashoff.
19:00 of 1st period - Nate Thompson wins face-off versus Bryan Little in Sewer Rats zone.
19:30 of 1st period - Minor Penalty to Mike Brown for High sticking.
19:31 of 1st period - Radek Bonk wins face-off versus Bryan Little in Tamiflu zone.
19:31 of 1st period - Radek Bonk is hit by Eric Fehr.
19:34 of 1st period - Minor Penalty to Max Pacioretty for Boarding.
19:35 of 1st period - Nate Thompson wins face-off versus Derick Brassard in Sewer Rats zone.
2nd period
0:01 of 2nd period - Alex Picard wins face-off versus Derick Brassard in neutral zone.
0:04 of 2nd period - Slapshot by Jonathan Sigalet.
0:04 of 2nd period - Deflect By Alex Picard.
0:04 of 2nd period - Shot Blocked by Pat Rissmiller.
0:04 of 2nd period - Puck is out of play.
0:05 of 2nd period - Derick Brassard wins face-off versus Nate Thompson in Sewer Rats zone.
0:10 of 2nd period - Wrist shot by Mike Rathje.
0:10 of 2nd period - Shot Blocked by Jonathan Sigalet.
0:12 of 2nd period - Slapshot by Mike Rathje.
0:12 of 2nd period - Deflect By Alex Picard.
0:12 of 2nd period - Stopped by Corey Crawford with a rebound.
0:14 of 2nd period - Snap shot by Mike Rathje.
0:14 of 2nd period - Shot Blocked by Pavel Trnka.
0:16 of 2nd period - Slapshot by Mike Rathje.
0:16 of 2nd period - Stopped by Corey Crawford with a rebound.
0:43 of 2nd period - Matt Lashoff is hit by Radek Bonk and loses puck.
1:30 of 2nd period - Penalty to Mike Brown is over, Mike Brown is back on ice.
1:34 of 2nd period - Penalty to Max Pacioretty is over, Max Pacioretty is back on ice.
1:38 of 2nd period - Wrist shot by Jani Rita.
1:38 of 2nd period - Stopped by Jhonas Enroth with a rebound.
1:56 of 2nd period - Wrist shot by Pierre Dagenais.
1:56 of 2nd period - Stopped by Jhonas Enroth with a rebound.
2:06 of 2nd period - Nathan Oystrick is hit by Vojtech Polak and loses puck.
2:11 of 2nd period - Wrist shot by Mike Rathje.
2:11 of 2nd period - Deflect By Niko Dimitrakos.
2:11 of 2nd period - Deflect By Nathan Oystrick.
2:11 of 2nd period - Shot Misses the Net.
2:11 of 2nd period - Puck is out of play.
2:12 of 2nd period - Derick Brassard wins face-off versus Nate Thompson in Tamiflu zone.
2:27 of 2nd period - Slapshot by Pavel Trnka.
2:27 of 2nd period - Goal by Pavel Trnka - Sewer Rats : 1 - Tamiflu : 1.
2:28 of 2nd period - Nate Thompson wins face-off versus Bryan Little in neutral zone.
2:55 of 2nd period - Minor Penalty to Jan Mursak for Tripping.
2:56 of 2nd period - Bryan Little wins face-off versus Alex Picard in Tamiflu zone.
4:55 of 2nd period - Penalty to Jan Mursak is over, Jan Mursak is back on ice.
5:30 of 2nd period - Mark Mancari is hit by Pierre Dagenais and loses puck.
5:49 of 2nd period - Snap shot by Petr Pohl.
5:49 of 2nd period - Shot Misses the Net.
6:20 of 2nd period - Jonathan Sigalet is hit by Bryan Little and loses puck.
6:41 of 2nd period - Pavel Trnka is hit by Mike Rathje and loses puck.
7:31 of 2nd period - Snap shot by Mark Mancari.
7:31 of 2nd period - Shot Misses the Net.
7:33 of 2nd period - Wrist shot by Ville Leino.
7:33 of 2nd period - Stopped by Corey Crawford without a rebound.
7:34 of 2nd period - Pat Rissmiller wins face-off versus Tyler Haskins in Tamiflu zone.
7:35 of 2nd period - Wrist shot by Derick Brassard.
7:35 of 2nd period - Stopped by Corey Crawford without a rebound.
7:36 of 2nd period - Nate Thompson wins face-off versus Derick Brassard in Tamiflu zone.
8:03 of 2nd period - Radek Bonk is hit by Max Pacioretty and loses puck.
9:06 of 2nd period - Snap shot by Pat Rissmiller.
9:06 of 2nd period - Shot Misses the Net.
9:24 of 2nd period - Pavel Trnka is hit by Max Pacioretty and loses puck.
9:31 of 2nd period - Slapshot by Mike Rathje.
9:31 of 2nd period - Stopped by Corey Crawford with a rebound.
9:33 of 2nd period - Wrist shot by Eric Fehr.
9:33 of 2nd period - Stopped by Corey Crawford with a rebound.
9:45 of 2nd period - Wrist shot by Pierre Dagenais.
9:45 of 2nd period - Shot Blocked by Mike Rathje.
9:47 of 2nd period - Wrist shot by Jonathan Sigalet.
9:47 of 2nd period - Deflect By Pierre Dagenais.
9:47 of 2nd period - Shot Misses the Net.
9:47 of 2nd period - Puck is out of play.
9:48 of 2nd period - Derick Brassard wins face-off versus Greg Mauldin in Sewer Rats zone.
9:48 of 2nd period - Derick Brassard is hit by Freddy Meyer.
9:54 of 2nd period - Snap shot by Pierre Dagenais.
9:54 of 2nd period - Stopped by Jhonas Enroth with a rebound.
10:05 of 2nd period - Minor Penalty to Greg Mauldin for Tripping.
10:06 of 2nd period - Radek Bonk wins face-off versus Bryan Little in Tamiflu zone.
10:22 of 2nd period - Wrist shot by Bryan Little.
10:22 of 2nd period - Shot Blocked by Radek Bonk.
12:05 of 2nd period - Penalty to Greg Mauldin is over, Greg Mauldin is back on ice.
12:21 of 2nd period - Wrist shot by Jani Rita.
12:21 of 2nd period - Stopped by Jhonas Enroth with a rebound.
13:08 of 2nd period - Snap shot by Radek Bonk.
13:08 of 2nd period - Stopped by Jhonas Enroth with a rebound.
13:10 of 2nd period - Snap shot by Jani Rita.
13:10 of 2nd period - Shot Misses the Net.
13:20 of 2nd period - Snap shot by Bryan Little.
13:20 of 2nd period - Shot Misses the Net.
13:48 of 2nd period - Snap shot by Niko Dimitrakos.
13:48 of 2nd period - Shot Blocked by Pierre Dagenais.
13:50 of 2nd period - Snap shot by Steven Kampfer.
13:50 of 2nd period - Shot Blocked by Kyle Lawson.
13:52 of 2nd period - Slapshot by Steven Kampfer.
13:52 of 2nd period - Stopped by Corey Crawford with a rebound.
15:48 of 2nd period - Vojtech Polak is hit by Kyle Lawson and loses puck.
16:10 of 2nd period - Lars Eller is hit by Alex Picard.
16:32 of 2nd period - Brandon Sutter is hit by Jan Mursak and loses puck.
16:34 of 2nd period - Minor Penalty to Ville Leino for Holding.
16:35 of 2nd period - Brandon Sutter wins face-off versus Mike Brown in Sewer Rats zone.
16:44 of 2nd period - Karel Rachunek is hit by Alex Picard.
17:45 of 2nd period - Radek Bonk is hit by John-Michael Liles and loses puck.
17:56 of 2nd period - John-Michael Liles is hit by Nate Thompson.
18:00 of 2nd period - Snap shot by Mark Mancari.
18:00 of 2nd period - Stopped by Corey Crawford with a rebound.
18:06 of 2nd period - Freddy Meyer is hit by Pat Rissmiller and loses puck.
18:13 of 2nd period - Pavel Trnka is hit by Mark Mancari and loses puck.
18:34 of 2nd period - Penalty to Ville Leino is over, Ville Leino is back on ice.
18:49 of 2nd period - Steven Kampfer is hit by Jan Mursak and loses puck.
19:04 of 2nd period - Carson Mcmillan is hit by Kyle Okposo and loses puck.
19:44 of 2nd period - Snap shot by Bryan Little.
19:44 of 2nd period - Deflect By Eric Fehr.
19:44 of 2nd period - Shot Misses the Net.
19:44 of 2nd period - Puck is out of play.
19:45 of 2nd period - Nate Thompson wins face-off versus Bryan Little in Tamiflu zone.
19:51 of 2nd period - Off-side.
19:52 of 2nd period - Nate Thompson wins face-off versus Bryan Little in neutral zone.
3rd period
0:01 of 3rd period - Bryan Little wins face-off versus Nate Thompson in neutral zone.
0:08 of 3rd period - Snap shot by Bryan Little.
0:08 of 3rd period - Stopped by Corey Crawford with a rebound.
0:33 of 3rd period - Snap shot by Pat Rissmiller.
0:33 of 3rd period - Goal by Pat Rissmiller - Sewer Rats : 2 - Tamiflu : 1.
0:34 of 3rd period - Bryan Little wins face-off versus Nate Thompson in neutral zone.
0:47 of 3rd period - Slapshot by Mike Brown.
0:47 of 3rd period - Shot Misses the Net.
0:49 of 3rd period - Snap shot by Mike Brown.
0:49 of 3rd period - Stopped by Jhonas Enroth without a rebound.
0:50 of 3rd period - Derick Brassard wins face-off versus Radek Bonk in Sewer Rats zone.
1:16 of 3rd period - Max Pacioretty is hit by Alex Picard and loses puck.
1:42 of 3rd period - Minor Penalty to Jan Mursak for Hooking.
1:43 of 3rd period - Bryan Little wins face-off versus Radek Bonk in Tamiflu zone.
1:49 of 3rd period - Minor Penalty to Freddy Meyer for Tripping.
1:49 of 3rd period - Minor Penalty to Bryan Little for High sticking.
1:50 of 3rd period - Radek Bonk wins face-off versus Derick Brassard in Tamiflu zone.
1:56 of 3rd period - Off-side.
1:57 of 3rd period - Derick Brassard wins face-off versus Radek Bonk in neutral zone.
2:02 of 3rd period - Slapshot by Mike Rathje.
2:02 of 3rd period - Shot Misses the Net.
2:04 of 3rd period - Wrist shot by Derick Brassard.
2:04 of 3rd period - Shot Blocked by Nathan Oystrick.
2:06 of 3rd period - Wrist shot by Derick Brassard.
2:06 of 3rd period - Shot Blocked by Nathan Oystrick.
2:08 of 3rd period - Snap shot by Pat Rissmiller.
2:08 of 3rd period - Stopped by Corey Crawford without a rebound.
2:09 of 3rd period - Derick Brassard wins face-off versus Radek Bonk in Tamiflu zone.
2:14 of 3rd period - Snap shot by Pat Rissmiller.
2:14 of 3rd period - Goal by Pat Rissmiller - Sewer Rats : 3 - Tamiflu : 1.
2:15 of 3rd period - Nate Thompson wins face-off versus Derick Brassard in neutral zone.
3:04 of 3rd period - Snap shot by Radek Bonk.
3:04 of 3rd period - Shot Hit the Post.
3:06 of 3rd period - Snap shot by Jonathan Sigalet.
3:06 of 3rd period - Shot Misses the Net.
3:08 of 3rd period - Snap shot by Petr Pohl.
3:08 of 3rd period - Stopped by Jhonas Enroth without a rebound.
3:09 of 3rd period - Derick Brassard wins face-off versus Nate Thompson in Sewer Rats zone.
3:26 of 3rd period - Petr Pohl is hit by Pat Rissmiller and loses puck.
3:49 of 3rd period - Penalty to Freddy Meyer is over, Freddy Meyer is back on ice.
3:49 of 3rd period - Penalty to Bryan Little is over, Bryan Little is back on ice.
4:17 of 3rd period - Snap shot by Carson Mcmillan.
4:17 of 3rd period - Stopped by Jhonas Enroth with a rebound.
4:19 of 3rd period - Snap shot by Carson Mcmillan.
4:19 of 3rd period - Deflect By Bryan Little.
4:19 of 3rd period - Shot Misses the Net.
4:19 of 3rd period - Puck is out of play.
4:20 of 3rd period - Tyler Haskins wins face-off versus Lars Eller in Sewer Rats zone.
5:31 of 3rd period - Slapshot by Bryan Little.
5:31 of 3rd period - Shot Blocked by Greg Mauldin.
5:35 of 3rd period - Wrist shot by Bryan Little.
5:35 of 3rd period - Stopped by Corey Crawford with a rebound.
5:37 of 3rd period - Snap shot by Eric Fehr.
5:37 of 3rd period - Shot Misses the Net.
6:21 of 3rd period - Jordan Hendry is hit by John-Michael Liles and loses puck.
6:54 of 3rd period - Slapshot by John-Michael Liles.
6:54 of 3rd period - Stopped by Corey Crawford without a rebound.
6:55 of 3rd period - Greg Mauldin wins face-off versus Bryan Little in Tamiflu zone.
7:06 of 3rd period - Wrist shot by Bryan Little.
7:06 of 3rd period - Shot Misses the Net.
7:25 of 3rd period - Slapshot by Jonathan Sigalet.
7:25 of 3rd period - Shot Blocked by Matt Lashoff.
7:48 of 3rd period - Ville Leino is hit by Jonathan Sigalet and loses puck.
8:09 of 3rd period - Jani Rita is hit by Max Pacioretty and loses puck.
8:24 of 3rd period - Slapshot by Greg Mauldin.
8:24 of 3rd period - Stopped by Jhonas Enroth with a rebound.
8:26 of 3rd period - Snap shot by Jonathan Sigalet.
8:26 of 3rd period - Stopped by Jhonas Enroth with a rebound.
8:28 of 3rd period - Wrist shot by Greg Mauldin.
8:28 of 3rd period - Stopped by Jhonas Enroth without a rebound.
8:29 of 3rd period - Greg Mauldin wins face-off versus Bryan Little in Sewer Rats zone.
8:35 of 3rd period - Off-side.
8:36 of 3rd period - Nate Thompson wins face-off versus Max Pacioretty in neutral zone.
8:36 of 3rd period - Nate Thompson is hit by John-Michael Liles.
8:44 of 3rd period - Wrist shot by Nate Thompson.
8:44 of 3rd period - Stopped by Jhonas Enroth with a rebound.
8:48 of 3rd period - Wrist shot by Alex Picard.
8:48 of 3rd period - Shot Blocked by Kyle Quincey.
8:50 of 3rd period - Slapshot by Jordan Hendry.
8:50 of 3rd period - Shot Blocked by Max Pacioretty.
9:06 of 3rd period - Snap shot by Bryan Little.
9:06 of 3rd period - Stopped by Corey Crawford with a rebound.
9:08 of 3rd period - Snap shot by Max Pacioretty.
9:08 of 3rd period - Goal by Max Pacioretty - Sewer Rats : 4 - Tamiflu : 1.
9:09 of 3rd period - Derick Brassard wins face-off versus Nate Thompson in neutral zone.
9:12 of 3rd period - Wrist shot by Matt Lashoff.
9:12 of 3rd period - Stopped by Corey Crawford with a rebound.
9:59 of 3rd period - Derick Brassard is hit by Jan Mursak and loses puck.
10:06 of 3rd period - Snap shot by Pierre Dagenais.
10:06 of 3rd period - Stopped by Jhonas Enroth with a rebound.
10:08 of 3rd period - Snap shot by Pavel Trnka.
10:08 of 3rd period - Deflect By Greg Mauldin.
10:08 of 3rd period - Stopped by Jhonas Enroth with a rebound.
11:06 of 3rd period - Snap shot by Pierre Dagenais.
11:06 of 3rd period - Shot Misses the Net.
11:12 of 3rd period - Backhand shot by Jan Mursak.
11:12 of 3rd period - Stopped by Jhonas Enroth with a rebound.
11:14 of 3rd period - Snap shot by Jan Mursak.
11:14 of 3rd period - Stopped by Jhonas Enroth without a rebound.
11:15 of 3rd period - Nate Thompson wins face-off versus Bryan Little in Sewer Rats zone.
11:16 of 3rd period - Wrist shot by Mike Brown.
11:16 of 3rd period - Stopped by Jhonas Enroth with a rebound.
11:42 of 3rd period - Icing by Karel Rachunek.
11:43 of 3rd period - Brandon Sutter wins face-off versus Jani Rita in Sewer Rats zone.
12:13 of 3rd period - Slapshot by Kyle Quincey.
12:13 of 3rd period - Shot Misses the Net.
12:15 of 3rd period - Wrist shot by John-Michael Liles.
12:15 of 3rd period - Stopped by Corey Crawford without a rebound.
12:16 of 3rd period - Bryan Little wins face-off versus Nate Thompson in Tamiflu zone.
12:25 of 3rd period - Wrist shot by Eric Fehr.
12:25 of 3rd period - Stopped by Corey Crawford without a rebound.
12:26 of 3rd period - Nate Thompson wins face-off versus Bryan Little in Tamiflu zone.
12:31 of 3rd period - Wrist shot by Jordan Hendry.
12:31 of 3rd period - Stopped by Jhonas Enroth with a rebound.
12:43 of 3rd period - Wrist shot by Matt Lashoff.
12:43 of 3rd period - Deflect By Mike Brown.
12:43 of 3rd period - Stopped by Corey Crawford with a rebound.
12:45 of 3rd period - Wrist shot by Karel Rachunek.
12:45 of 3rd period - Shot Blocked by Freddy Meyer.
12:53 of 3rd period - Snap shot by Eric Fehr.
12:53 of 3rd period - Stopped by Corey Crawford with a rebound.
12:55 of 3rd period - Slapshot by Karel Rachunek.
12:55 of 3rd period - Deflect By Freddy Meyer.
12:55 of 3rd period - Stopped by Corey Crawford with a rebound.
12:57 of 3rd period - Wrist shot by Max Pacioretty.
12:57 of 3rd period - Shot Misses the Net.
13:01 of 3rd period - Snap shot by Bryan Little.
13:01 of 3rd period - Stopped by Corey Crawford without a rebound.
13:02 of 3rd period - Lars Eller wins face-off versus Radek Bonk in Tamiflu zone.
13:03 of 3rd period - Snap shot by John-Michael Liles.
13:03 of 3rd period - Deflect By Vojtech Polak.
13:03 of 3rd period - Shot Misses the Net.
13:03 of 3rd period - Puck is out of play.
13:04 of 3rd period - Lars Eller wins face-off versus Petr Pohl in Tamiflu zone.
13:20 of 3rd period - Off-side.
13:21 of 3rd period - Bryan Little wins face-off versus Nate Thompson in neutral zone.
14:14 of 3rd period - Petr Pohl is hit by Vojtech Polak and loses puck.
14:37 of 3rd period - Slapshot by Mike Rathje.
14:37 of 3rd period - Deflect By Ville Leino.
14:37 of 3rd period - Shot Blocked by Pavel Trnka.
14:37 of 3rd period - Puck is out of play.
14:38 of 3rd period - Brandon Sutter wins face-off versus Nate Thompson in Tamiflu zone.
14:43 of 3rd period - Wrist shot by Ville Leino.
14:43 of 3rd period - Deflect By Brandon Sutter.
14:43 of 3rd period - Shot Blocked by Mike Brown.
14:43 of 3rd period - Puck is out of play.
14:44 of 3rd period - Nate Thompson wins face-off versus Brandon Sutter in Tamiflu zone.
14:58 of 3rd period - Wrist shot by Ville Leino.
14:58 of 3rd period - Stopped by Corey Crawford without a rebound.
14:59 of 3rd period - Nate Thompson wins face-off versus Bryan Little in Tamiflu zone.
14:59 of 3rd period - Nate Thompson is hit by Eric Fehr.
15:05 of 3rd period - Wrist shot by Bryan Little.
15:05 of 3rd period - Shot Misses the Net.
15:07 of 3rd period - Wrist shot by Kyle Quincey.
15:07 of 3rd period - Shot Blocked by Freddy Meyer.
15:09 of 3rd period - Slapshot by Kyle Quincey.
15:09 of 3rd period - Deflect By Eric Fehr.
15:09 of 3rd period - Shot Misses the Net.
15:09 of 3rd period - Puck is out of play.
15:10 of 3rd period - Eric Fehr wins face-off versus Nate Thompson in Tamiflu zone.
15:37 of 3rd period - Karel Rachunek is hit by Jonathan Sigalet and loses puck.
18:00 of 3rd period - Icing by Karel Rachunek.
18:01 of 3rd period - Greg Mauldin wins face-off versus Bryan Little in Sewer Rats zone.
18:04 of 3rd period - Slapshot by Pierre Dagenais.
18:04 of 3rd period - Shot Blocked by Matt Lashoff.
18:10 of 3rd period - Wrist shot by Eric Fehr.
18:10 of 3rd period - Stopped by Corey Crawford with a rebound.
18:12 of 3rd period - Slapshot by Karel Rachunek.
18:12 of 3rd period - Shot Blocked by Greg Mauldin.
18:14 of 3rd period - Snap shot by Bryan Little.
18:14 of 3rd period - Shot Hit the Post.
18:24 of 3rd period - Snap shot by Eric Fehr.
18:24 of 3rd period - Shot Misses the Net.
18:28 of 3rd period - Wrist shot by Eric Fehr.
18:28 of 3rd period - Shot Misses the Net.
18:36 of 3rd period - Snap shot by Greg Mauldin.
18:36 of 3rd period - Stopped by Jhonas Enroth with a rebound.
19:16 of 3rd period - Wrist shot by Greg Mauldin.
19:16 of 3rd period - Shot Misses the Net.
19:22 of 3rd period - Snap shot by Greg Mauldin.
19:22 of 3rd period - Stopped by Jhonas Enroth with a rebound.
19:38 of 3rd period - Snap shot by Eric Fehr.
19:38 of 3rd period - Goal by Eric Fehr - Sewer Rats : 5 - Tamiflu : 1.
19:39 of 3rd period - Nate Thompson wins face-off versus Derick Brassard in neutral zone.
19:44 of 3rd period - Snap shot by Mike Brown.
19:44 of 3rd period - Shot Blocked by John-Michael Liles.
Output by the SimonT Hockey Simulator (STHS) for François Prévost -- Original Page W3C XHTML 1.0 Valid